 Dungeon Crawl Stone Soup version 0.28.0-43-g3370ac3207 (webtiles) character file.

Game seed: 13295512338134388118

4 sking99 the Insei (level 1, 15/15 HPs)
             Began as a Merfolk Transmuter on Mar 15, 2022.
             Quit the game on level 1 of the Dungeon.
             The game lasted 00:01:34 (182 turns).

sking99 the Insei (Merfolk Transmuter)               Turns: 182, Time: 00:01:35

Health: 15/15      AC:  2    Str: 10    XL:     1   Next: 70%
Magic:  3/3        EV: 12    Int: 12    God:
Gold:   13         SH:  0    Dex: 14    Spells: 2/4 levels left

rFire   . . .      SeeInvis .     - Unarmed
rCold   . . .      Faith    .   (no shield)
rNeg    . . .      Spirit   .   a - +0 robe
rPois   .          Reflect  .   (no helmet)
rElec   .          Harm     .   (no cloak)
rCorr   .          Rampage  .   (no gloves)
Will    .....                   (no boots)
Stlth   +.........              (no amulet)
HPRegen 0.05/turn               (no ring)
MPRegen 0.08/turn               (no ring)

@: no status effects
A: (nimble swimmer 2), mertail
a: no special abilities


You were on level 1 of the Dungeon.
You visited 1 branch of the dungeon, and saw 1 of its levels.

You collected 13 gold pieces.

Inventory:

Missiles
 f - 25 stones
Armour
 a - a +0 robe (worn)
Magical Staves
 b - a staff of earth
Scrolls
 d - a scroll of fog {unknown}
 e - a scroll of torment {unknown}
Potions
 c - 2 potions of curing {unknown}


   Skills:
 + Level 1.2 Fighting
 + Level 2.8 Dodging
 * Level 3.5 Unarmed Combat
 - Level 2.0 Spellcasting
 - Level 2.6 Transmutations
 * Level 0.0 Earth Magic


You had 2 spell levels left.
You knew the following spells:

 Your Spells              Type           Power      Damage    Failure   Level
a - Beastly Appendage     Tmut           14%        N/A       9%          1
b - Sandblast             Erth           2%         2d4       26%         1

Your spell library contained the following spells:

 Spells                   Type           Power      Damage    Failure   Level
 Wereblood                Tmut           7%         N/A       14%         2
 Passwall                 Tmut/Erth      3%         N/A       24%         2
 Spider Form              Tmut/Pois      4%         N/A       43%         3
 Stone Arrow              Conj/Erth      2%         3d7       63%         3
 Ice Form                 Ice/Tmut       4%         N/A       83%         4


Dungeon Overview and Level Annotations

Branches:
Dungeon (1/15)

Altars:


Innate Abilities, Weirdness & Mutations

((You are very nimble when in or above water. (Stealth+, EV+, Speed+++)))
Your lower body shifts to a powerful aquatic tail in water.


Message History

You grow a pair of large bovine horns.
You hit the quokka.
The quokka is lightly wounded.
The quokka closely misses you.
You hit the quokka but do no damage.
The quokka is lightly wounded.
The quokka misses you. The quokka barely misses you.
You hit the quokka.
The quokka is severely wounded.
The quokka misses you.
You closely miss the quokka.
The quokka is severely wounded.
Your transformation is almost over.
The quokka bites you.
You hit the quokka.
You kill the quokka!
A ball python comes into view.
You see here a book of Geomancy.
You pick up a book of Geomancy and begin reading...
You add the spells Sandblast, Passwall and Stone Arrow to your library.
Your horns disappear.
The ball python hisses angrily.
You hit the ball python.
You kill the ball python!
You see here a ball python corpse.
You start resting.
HP restored.
Okay, then.
b - a staff of earth (weapon)
Okay, then.
You are now empty-handed.
Found a stone staircase leading down.
You now have 13 gold pieces.
e - a scroll labelled GYLILU FETREJI You see here 25 stones.
f - 25 stones Memorise Sandblast, consuming 1 spell level and leaving 2?
You start memorising the spell.
You continue memorising.
You finish memorising.
Spell assigned to 'b'.
Are you sure you want to abandon this character and quit the game? (Confirm with "yes".)

#. #..####.....## ...
.............# #.# #..#
#.....).# #.# #..#
#.......# #.# #..#
##.....## #.#
#..####....#######
#.#####................##
#>.............#####.....
#..#####@......# ##.#.##
#........#####.# #..# #
##.#####.#####.####'###
#.# #........#.....#
#.######.......#.....#
#...†.........##..<..#
########.#######.....#
#.# #.....# #.# ###+###


There were no monsters in sight!

Vanquished Creatures
  A goblin (D:1)
  A quokka (D:1)
  A ball python (D:1)
  A kobold (D:1)
  A rat (D:1)
5 creatures vanquished.

Notes
Turn   | Place    | Note
-------+----------+-------------------------------------------
     0 | D:1      | sking99 the Merfolk Transmuter began the quest for the Orb.
     0 | D:1      | Reached XP level 1. HP: 15/15 MP: 3/3
   182 | D:1      | Learned a level 1 spell: Sandblast
   182 | D:1      | Quit the game

Illustrated notes

Levels and vault maps discovered:
D:1:      minmay_arrival_checkered_box, layout_loops_ring

Action                   || total
-------------------------++-------
Melee: Unarmed           ||    11
 Cast: Beastly Appendage ||     2
Dodge: Dodged            ||     4
